 Dungeon Crawl Stone Soup version 0.28.0-43-g3370ac3207 (webtiles) character file.

Game seed: 1818058557592482448

599 Ablot the Grasshopper (level 7, -3/56 HPs)
             Began as a Gnoll Warper on Mar 12, 2022.
             Was an Initiate of Elyvilon.
             Slain by an ice beast (8 damage)
             ... on level 5 of the Dungeon.
             The game lasted 00:07:27 (5629 turns).

Ablot the Grasshopper (Gnoll Warper)                Turns: 5629, Time: 00:07:29

Health: -3/56      AC:  6    Str: 12    XL:     7   Next: 41%
Magic:  15/15      EV: 13    Int: 19    God:    Elyvilon [......]
Gold:   128        SH:  0    Dex: 11    Spells: 12/17 levels left

rFire   . . .      SeeInvis .   o - +0 whip (elec)
rCold   . . .      Faith    .   (no shield)
rNeg    . . .      Spirit   .   b - +0 leather armour
rPois   .          Reflect  .   k - +1 helmet
rElec   .          Harm     .   (no cloak)
rCorr   .          Rampage  .   (no gloves)
Will    .....                   f - +0 pair of boots
Stlth   ++........              (no amulet)
HPRegen 0.18/turn               n - +6 ring of intelligence
MPRegen 0.14/turn               r - ring of wizardry

@: no status effects
A: fangs 1, strong nose, distributed training
a: Renounce Religion


You were on level 5 of the Dungeon.
You worshipped Elyvilon.
Elyvilon was noncommittal.
You visited 1 branch of the dungeon, and saw 5 of its levels.

You collected 128 gold pieces.

Inventory:

Hand Weapons
 a - a +0 spear
 m - a +0 hunting sling
 o - a +0 whip of electrocution (weapon)
 D - a +0 hand crossbow
Missiles
 d - 5 boomerangs of dispersal
 e - 75 bolts
 h - 133 stones
 u - 71 sling bullets
 x - 6 arrows
 y - 9 poisoned darts (quivered)
Armour
 b - a +0 leather armour (worn)
 f - a +0 pair of boots (worn)
 k - a +1 helmet (worn)
 C - a +0 buckler
Jewellery
 n - a +6 ring of intelligence (left hand)
 r - a ring of wizardry (right hand)
 A - the ring "Wijom" {Fire Int+4}
   (You found it on level 4 of the Dungeon)

   [ring of fire]

   It enhances your fire magic.
   Int:       It affects your intelligence (+4).
   rF:        It protects you from fire.
   rC:        It makes you vulnerable to cold.
Wands
 w - a wand of iceblast (2)
Scrolls
 c - a scroll of blinking
 j - 4 scrolls of identify {unknown}
 s - 2 scrolls of vulnerability {unknown}
 t - 3 scrolls of teleportation {unknown}
 v - 4 scrolls of immolation {unknown}
 z - a scroll of summoning {unknown}
Potions
 g - 2 potions of heal wounds {unknown}
 i - 6 potions of curing {unknown}
 l - a potion of mutation {unknown}
 p - 2 potions of degeneration {unknown}
 q - a potion of ambrosia {unknown}
 B - a potion of brilliance {unknown}


   Skills:
 + Level 5.2 Fighting
 + Level 2.4 Short Blades
 + Level 2.4 Long Blades
 + Level 2.4 Axes
 + Level 2.4 Maces & Flails
 + Level 5.2 Polearms
 + Level 2.4 Staves
 + Level 2.4 Slings
 + Level 2.4 Bows
 + Level 2.4 Crossbows
 + Level 3.6 Throwing
 + Level 3.6 Armour
 + Level 5.2 Dodging
 + Level 2.4 Stealth
 + Level 2.4 Shields
 + Level 2.4 Unarmed Combat
 + Level 5.6 Spellcasting
 + Level 2.0 Conjurations
 + Level 2.0 Hexes
 + Level 2.0 Summonings
 + Level 2.0 Necromancy
 + Level 5.8 Translocations
 + Level 2.0 Transmutations
 + Level 2.0 Fire Magic
 + Level 2.0 Ice Magic
 + Level 2.0 Air Magic
 + Level 2.0 Earth Magic
 + Level 2.0 Poison Magic
 + Level 2.7 Invocations
 + Level 2.4 Evocations


You had 12 spell levels left.
You knew the following spells:

 Your Spells              Type           Power      Damage    Failure   Level
a - Blink                 Tloc           54%        N/A       1%          2
b - Gell's Gravitas       Tloc           27%        N/A       1%          3

Your spell library contained the following spells:

 Spells                   Type           Power      Damage    Failure   Level
 Lesser Beckoning         Tloc           27%        N/A       1%          3
 Teleport Other           Tloc           27%        N/A       1%          3
 Frozen Ramparts          Ice            26%        1d4       8%          3
 Manifold Assault         Tloc           27%        N/A       16%         5
 Ice Form                 Ice/Tmut       13%        N/A       26%         4
 Summon Ice Beast         Ice/Summ       13%        N/A       26%         4


Dungeon Overview and Level Annotations

Branches:
Dungeon (5/15)
 Temple: D:4-7

Altars:
Dithmenos
Elyvilon

Annotations:
D:3 exclusion: ice beast


Innate Abilities, Weirdness & Mutations

You have very sharp teeth.
Your uncanny sense of smell can sniff out nearby items.
Your experience applies equally to all skills.


Message History

The ice beast is severely wounded.
The ice beast barely misses you.
You closely miss the ice beast. Your bite misses the ice beast.
The ice beast is severely wounded.
The ice beast hits you. The ice beast freezes you!
* * * LOW HITPOINT WARNING * * *
You barely miss the ice beast. You bite the ice beast.
The ice beast is severely wounded.
The ice beast barely misses you.
You hit the ice beast.
The ice beast is almost dead.
The ice beast hits you but does no damage.
You barely miss the ice beast.
You bite the ice beast, but do no damage.
The ice beast is almost dead.
The ice beast barely misses you.
You hit the ice beast but do no damage.
The ice beast is almost dead.
The ice beast hits you.
* * * LOW HITPOINT WARNING * * *
The ice beast freezes you!
* * * LOW HITPOINT WARNING * * *
You closely miss the ice beast.
You bite the ice beast, but do no damage.
The ice beast is almost dead.
The ice beast closely misses you.
You hit the ice beast.
The ice beast is almost dead.
The ice beast hits you but does no damage.
You hit the ice beast but do no damage.
You bite the ice beast, but do no damage.
The ice beast is almost dead.
The ice beast hits you but does no damage.
You barely miss the ice beast.
You bite the ice beast, but do no damage.
The ice beast is almost dead.
The ice beast hits you.
* * * LOW HITPOINT WARNING * * *
The ice beast freezes you!
You die...

.......Z#.###.# ..#
#.#.#.#.#... ..# .
......#.#.#.# ... ..
#.#.#.#.#[###. .. .. .
#.#.#.#....oY
###.#.### #
#.#.#####...##........
#.#.# ....oo.........
..#
#.###.####.#####.##
###
#.......@Y.........
#...######.#....... .
#....#.##.... #<#..#.#
### #.##.#.# #....#.#
#....#.. #.......
....##


You could see an ice beast.

Vanquished Creatures
  2 phantoms (D:4)
  A wyvern zombie (D:4)
  A jelly (D:4)
  An orc priest (D:4)
  A hound (D:4)
  A bullfrog skeleton (D:3)
  Jessica (D:2)
  Ijyb (D:3)
  An orc wizard (D:5)
  Robin (D:2)
  5 adders
  2 worms
  2 dart slugs
  7 orcs
  7 endoplasms
  2 giant cockroaches (D:1)
  12 goblins
  8 hobgoblins
  8 jackals
  11 kobolds
  4 quokkas
  11 ball pythons
  6 bats
  6 frilled lizards
  10 rats
112 creatures vanquished.

Vanquished Creatures (others)
  A fungus (D:4)
1 creature vanquished.

Grand Total: 113 creatures vanquished

Notes
Turn   | Place    | Note
-------+----------+-------------------------------------------
     0 | D:1      | Ablot the Gnoll Warper began the quest for the Orb.
     0 | D:1      | Reached XP level 1. HP: 20/20 MP: 6/6
   483 | D:1      | Reached XP level 2. HP: 26/26 MP: 7/7
   488 | D:1      | Learned a level 2 spell: Blink
   719 | D:1      | Reached XP level 3. HP: 24/31 MP: 9/9
   726 | D:1      | Reached skill level 5 in Spellcasting
   973 | D:1      | Reached skill level 1 in Invocations
  1055 | D:1      | Found a faded altar of an unknown god.
  1324 | D:2      | Noticed Robin
  1340 | D:2      | Reached skill level 1 in Short Blades
  1340 | D:2      | Reached skill level 1 in Long Blades
  1340 | D:2      | Reached skill level 1 in Axes
  1340 | D:2      | Reached skill level 1 in Maces & Flails
  1340 | D:2      | Reached skill level 1 in Staves
  1340 | D:2      | Reached skill level 1 in Slings
  1340 | D:2      | Reached skill level 1 in Bows
  1340 | D:2      | Reached skill level 1 in Crossbows
  1340 | D:2      | Reached skill level 1 in Stealth
  1340 | D:2      | Reached skill level 1 in Shields
  1340 | D:2      | Reached skill level 1 in Unarmed Combat
  1340 | D:2      | Reached skill level 1 in Evocations
  1349 | D:2      | Killed Robin
  1350 | D:2      | Reached XP level 4. HP: 25/38 MP: 11/11
  1471 | D:2      | Learned a level 3 spell: Gell's Gravitas
  1651 | D:2      | Noticed Jessica
  1664 | D:2      | Killed Jessica
  1665 | D:2      | Reached skill level 1 in Conjurations
  1665 | D:2      | Reached skill level 1 in Hexes
  1665 | D:2      | Reached skill level 1 in Summonings
  1665 | D:2      | Reached skill level 1 in Necromancy
  1665 | D:2      | Reached skill level 1 in Transmutations
  1665 | D:2      | Reached skill level 1 in Fire Magic
  1665 | D:2      | Reached skill level 1 in Ice Magic
  1665 | D:2      | Reached skill level 1 in Air Magic
  1665 | D:2      | Reached skill level 1 in Earth Magic
  1665 | D:2      | Reached skill level 1 in Poison Magic
  1998 | D:2      | Reached XP level 5. HP: 43/43 MP: 12/12
  2840 | D:3      | Noticed Ijyb
  2857 | D:3      | Killed Ijyb
  2858 | D:3      | Reached XP level 6. HP: 37/50 MP: 13/13
  2942 | D:3      | Noticed an ice beast
  3493 | D:4      | Reached skill level 5 in Fighting
  3493 | D:4      | Reached skill level 5 in Polearms
  3493 | D:4      | Reached skill level 5 in Dodging
  4067 | D:4      | Identified the ring "Wijom" {Fire Int+4}
  4310 | D:4      | Found a white marble altar of Elyvilon.
  4319 | D:4      | Became a worshipper of Elyvilon the Healer
  4366 | D:4      | Found a shadowy altar of Dithmenos.
  4817 | D:4      | Reached XP level 7. HP: 37/56 MP: 15/15
  5079 | D:5      | Entered Level 5 of the Dungeon
  5167 | D:4      | Elyvilon protects you from harm!
  5629 | D:5      | Slain by an ice beast

Illustrated notes

Levels and vault maps discovered:
D:1:      minmay_arrival_cross, layout_loops_ring,
          shapermc_ecumenical_altar_acropolis, minmay_vboxes
D:2:      layout_basic, uniq_robin, uniq_jessica
D:3:      layout_rooms, uniq_ijyb
D:4:      minmay_razor_zed, layout_gridville, lemuel_coloured_pillars_altar,
          mainiacjoe_overflow_tiny_flanked
D:5:      layout_basic, kennysheep_generic_room_7, uniq_eustachio,
          uniq_crazy_yiuf_cottage

Skill      XL: |  1  2  3  4  5  6  7 |
---------------+----------------------+-----
Spellcasting   | 5 |  5.6
Invocations    | 1 2 |  2.7
Short Blades   | 1 2 |  2.4
Long Blades    | 1 2 |  2.4
Axes           | 1 2 |  2.4
Maces & Flails | 1 2 |  2.4
Staves         | 1 2 |  2.4
Slings         | 1 2 |  2.4
Bows           | 1 2 |  2.4
Crossbows      | 1 2 |  2.4
Stealth        | 1 2 |  2.4
Shields        | 1 2 |  2.4
Unarmed Combat | 1 2 |  2.4
Evocations     | 1 2 |  2.4
Conjurations   | 1 2 |  2.0
Hexes          | 1 2 |  2.0
Summonings     | 1 2 |  2.0
Necromancy     | 1 2 |  2.0
Transmutations | 1 2 |  2.0
Fire Magic     | 1 2 |  2.0
Ice Magic      | 1 2 |  2.0
Air Magic      | 1 2 |  2.0
Earth Magic    | 1 2 |  2.0
Poison Magic   | 1 2 |  2.0
Throwing       | 3 |  3.6
Armour         | 3 |  3.6
Fighting       | 5 |  5.2
Polearms       | 5 |  5.2
Dodging        | 5 |  5.2
Translocations | |  5.8

Action                   |  1- 3 |  4- 6 |  7- 9 || total
-------------------------+-------+-------+-------++-------
Melee: Spear             |    99 |       |       ||    99
       Bite              |     6 |    15 |     8 ||    29
       Whip              |    54 |   241 |    72 ||   367
       Punch             |       |     1 |     2 ||     3
 Cast: Blink             |       |       |     1 ||     1
Evoke: Wand              |       |       |     1 ||     1
 Stab: Sleeping          |     3 |     3 |     1 ||     7
Armor: Leather armour    |    51 |    74 |    29 ||   154
Dodge: Dodged            |    99 |   169 |    40 ||   308
